 Dungeon Crawl Stone Soup version 0.26-a0-651-gb41185065b (webtiles) character file.

Game seed: 315048178710891557

377 Azzok the Ruffian (level 6, -6/48 HPs)
             Began as a Demonspawn Fighter on Oct 10, 2020.
             Killed by divine providence
             ... invoked by an orc priest
              (12 damage)
             ... on level 4 of the Dungeon.
             The game lasted 00:04:15 (3211 turns).

Azzok the Ruffian (Demonspawn Fighter)              Turns: 3211, Time: 00:04:16

Health: -6/48      AC: 12    Str: 18    XL:     6   Next: 45%
Magic:  0/6        EV:  4    Int:  9    God:
Gold:   283        SH:  9    Dex: 13    Spells: 5/5 levels left

rFire    + . .     SeeInvis .   q - +2 dagger (venom)
rCold    + . .     Faith    .   b - +0 kite shield
rNeg     . . .     Spirit   +   s - +1 plate armour {MR+}
rPois    .         Reflect  .   (no helmet)
rElec    .         Harm     .   i - scarf {rC+ rF+}
rCorr    .         Rampage  .   (no gloves)
MR       +....                  (no boots)
Stlth    ..........             (no amulet)
HPRegen  0.16/turn              (no ring)
MPRegen  0.10/turn              (no ring)

@: no status effects
A: magic shield, sturdy frame 1
a: no special abilities


You were on level 4 of the Dungeon.
You visited 1 branch of the dungeon, and saw 4 of its levels.

You collected 283 gold pieces.

Inventory:

Hand Weapons
 q - a +2 dagger of venom (weapon)
Armour
 b - a +0 kite shield (worn)
 i - a scarf of resistance (worn)
 s - a +1 plate armour of magic resistance (worn)
Jewellery
 t - an uncursed ring of flight {unknown}
Wands
 a - a wand of acid (12)
Scrolls
 e - 2 scrolls of identify {unknown}
 f - a scroll of amnesia {unknown}
 j - a scroll of fog {unknown}
 l - 2 scrolls of teleportation {unknown}
 m - a scroll of fear {unknown}
 n - 3 scrolls of remove curse {unknown}
 o - 2 scrolls of enchant weapon {unknown}
 p - a scroll of blinking {unknown}
 r - a scroll of noise {unknown}
Potions
 c - 3 potions of might
 d - 2 potions of heal wounds {unknown}
 g - a potion of brilliance {unknown}
 h - a potion of curing {unknown}
 k - a potion of stabbing {unknown}


   Skills:
 + Level 3.7 Fighting
 - Level 2.6 Armour
 + Level 3.4 Shields
 * Level 5.5 Unarmed Combat


You had 5 spell levels left.
You didn't know any spells.
Your spell library was empty.

Dungeon Overview and Level Annotations

Branches:
Dungeon (4/15)
 Temple: D:4-7

Altars:
Vehumet


Innate Abilities, Weirdness & Mutations

When hurt, damage is shared between your health and your magic reserves.
Your movements are slightly less encumbered by armour. (ER -2)


Message History

The orc is heavily wounded.
You block the orc's attack.
An orc wizard comes into view. It is wielding a +0 dagger.
You hit the orc but do no damage.
The orc is heavily wounded.
The orc hits you with a +0 dagger.
* * * LOW HITPOINT WARNING * * *
You hit the orc.
The orc is poisoned.
The orc is heavily wounded.
The orc hits you with a +0 dagger.
* * * LOW HITPOINT WARNING * * *
You block the orc's attack.
You hit the orc.
The orc is severely wounded.
You kill the orc!
You hit the orc priest but do no damage.
The orc priest calls down the wrath of Beogh upon you.
Beogh smites you!
* * * LOW MAGIC WARNING * * *
You die...

▒·· ▒·▒ ▒▒▒ ▒·▒ ▒·▒
▒·▒ ▒·· ·▒ ▒o▒ ▒·▒
▒·▒·▒ ▒$▒ ▒·▒ ▒·▒·▒
▒o▒ ▒·▒▒▒·▒·▒▒▒▒
▒@▒▒▒········(··
▒·▒▒<>······)·
▒·▒▒···▒▒·▒·▒▒
▒·▒▒········▒ ▒
▒·▒▒··▒▒··▒▒▒ ·▒
▒·▒·······▒▒▒▒▒·▒▒
▒·················
▒▒▒▒▒▒▒······▒·······
▒············▒·······


You could see an orc priest and an orc wizard.

Vanquished Creatures
  5 orc wizards (D:4)
  Jessica (D:2)
  A bullfrog skeleton (D:4)
  2 worker ants (D:4)
  A hound skeleton (D:4)
  3 adders
  An adder skeleton (D:4)
  5 worms
  A dart slug (D:2)
  2 leopard geckos
  6 orcs
  A ball python (D:3)
  3 giant cockroaches (D:2)
  9 goblins
  6 hobgoblins
  4 jackals (D:2)
  7 kobolds
  2 quokkas
  A ball python skeleton (D:4)
  6 bats
  3 frilled lizards
  A leopard gecko skeleton (D:4)
  9 rats
80 creatures vanquished.

Vanquished Creatures (others)
  A quokka (D:2)
1 creature vanquished.

Grand Total: 81 creatures vanquished

Notes
Turn   | Place    | Note
-------+----------+-------------------------------------------
     0 | D:1      | Azzok the Demonspawn Fighter began the quest for the Orb.
     0 | D:1      | Reached XP level 1. HP: 18/18 MP: 1/1
    94 | D:1      | Reached skill level 2 in Unarmed Combat
   115 | D:1      | Gained mutation: When hurt, damage is shared between your
                  | health and your magic reserves. [demonic ancestry]
   115 | D:1      | Reached XP level 2. HP: 18/24 MP: 2/2
   464 | D:1      | Reached skill level 3 in Unarmed Combat
   788 | D:2      | Gained mutation: Your movements are slightly less
                  | encumbered by armour. (ER -2) [demonic ancestry]
   788 | D:2      | Reached XP level 3. HP: 28/29 MP: 1/3
   840 | D:2      | Found a radiant altar of Vehumet.
  1449 | D:2      | Noticed Jessica
  1468 | D:2      | Killed Jessica
  1468 | D:2      | Reached skill level 4 in Unarmed Combat
  1468 | D:2      | Reached XP level 4. HP: 23/35 MP: 1/4
  2800 | D:4      | Reached XP level 5. HP: 41/41 MP: 5/5
  2902 | D:4      | Reached skill level 5 in Unarmed Combat
  2970 | D:4      | Reached XP level 6. HP: 44/47 MP: 4/6
  3211 | D:4      | Killed from afar by an orc priest

Illustrated notes

Levels and vault maps discovered:
D:1:      dpeg_arrival_tiny_d, layout_rooms
D:2:      layout_loops_ring, fiery_altar_vehumet, kennysheep_jessica_study
D:3:      kennysheep_six_static_rooms, layout_basic
D:4:      layout_basic, nicolae_tso_swordbearing_angel,
          minmay_temple_entry_trees

Skill      XL: |  1  2  3  4  5 |
---------------+----------------+-----
Unarmed Combat | 2 3 4 5 |  5.5
Shields        | 3 |  3.4
Fighting       | |  3.7
Armour         | |  2.6

Action                   |  1- 3 |  4- 6 || total
-------------------------+-------+-------++-------
Melee: Unarmed           |   172 |    57 ||   229
       Dagger            |       |   138 ||   138
Armor: Scale mail        |    65 |    20 ||    85
       Plate armour      |       |    60 ||    60
Dodge: Dodged            |    30 |    32 ||    62
Block: Kite shield       |    73 |    73 ||   146

Table legend: (Time is in decaauts)
 A = Elapsed time spent in this place.
 B = Non-inter-level travel time spent in this place.
 C = Inter-level travel time spent in this place.
 D = Time resting spent in this place.
 E = Time spent auto-exploring this place.
 F = Levels seen in this place.
 G = Mean time per level.
                   A        B        C        D        E       F      G
               +--------+--------+--------+--------+--------+-----+--------+
         Total |   3228 |   3142 |     86 |     48 |   2397 |   4 |  807.0 |
       Dungeon |   3228 |   3142 |     86 |     48 |   2397 |   4 |  807.0 |
               +--------+--------+--------+--------+--------+-----+--------+

Top non-repeatable levels by time:
     D:2: 1292 daAuts
     D:1: 773 daAuts
     D:3: 719 daAuts
     D:4: 443 daAuts
